 Dungeon Crawl Stone Soup version 0.31-a0-881-ge136f0c47a (webtiles) character file.

Game seed: 16141946545805906978

74 Spaninq the Changeling (level 4, -2/34 HPs)
             Began as a Demonspawn Shapeshifter on Oct 15, 2023.
             Killed from afar by an orc wizard (7 damage)
             ... with a magic dart
             ... on level 2 of the Dungeon.
             The game lasted 00:02:44 (1127 turns).

Spaninq the Changeling (Demonspawn Shapeshifter)    Turns: 1127, Time: 00:02:45

Health: -2/34      AC:  2    Str: 23    XL:     4   Next: 10%
Magic:  4/4        EV: 12    Int: 11    God:
Gold:   60         SH:  0    Dex: 14    Spells: 3/3 levels left

rFire   . .          .
                       - Unarmed
rCold   . . .        (no shield)
rNeg    . . .        a - +0 animal skin
rPois   .            (helmet currently unavailable)
rElec   .            (cloak currently unavailable)
rCorr   .            (gloves currently unavailable)
SInv    .            (boots currently unavailable)
Will    .....        (no amulet)
Stlth   ++           g - +6 ring of strength
HPRegen 0.25/turn    (no ring)
MPRegen 0.09/turn

%: no passive effects
@: beast-form
A: beast (slay +2), antennae 1, thin skeletal structure 1, demonic magic 1
a: Begin Untransformation


You were on level 2 of the Dungeon.
You were a hulking beast.
You visited 1 branch of the dungeon, and saw 2 of its levels.

You collected 60 gold pieces.

Inventory:

Armour
 a - a +0 animal skin (worn)
 e - a +1 pair of boots
Jewellery
 g - a +6 ring of strength (left hand)
Talismans
 c - a beast talisman (active)
 d - a flux talisman
Scrolls
 f - 3 scrolls of amnesia {unknown}
 h - a scroll of revelation {unknown}
 i - a scroll of fog {unknown}
 k - 2 scrolls of teleportation {unknown}
Potions
 b - a potion of lignification
 j - a potion of mutation {unknown}


   Skills:
 + Level 2.3 Fighting
 - Level 1.7 Dodging
 - Level 2.6 Unarmed Combat
 * Level 3.8 Shapeshifting


You had 3 spell levels left.
You didn't know any spells.
Your spell library was empty.

Dungeon Overview and Level Annotations

Branches:
Dungeon (2/15)

Altars:

Shops:
D:1 (


Innate Abilities, Weirdness & Mutations

You are a hulking beast.
Your limbs bulge with bestial killing power. (Slay +2)
You have a pair of small antennae on your head.
You have a somewhat thin skeletal structure. (Dex +2, Stealth+)
Spells you cast may paralyse adjacent enemies.


Message History

You hit the orc priest but do no damage.
You punch the orc priest.
The orc priest is heavily wounded.
The orc priest hits you with a +0 club.
You hit the orc priest.
The orc priest is heavily wounded.
The orc priest barely misses you.
You hit the orc priest.
The orc priest is almost dead.
The orc priest invokes the aid of Beogh against you.
Pain shoots through your body!
Ouch! That really hurt!
* * * LOW HITPOINT WARNING * * *
The orc wizard gestures wildly while chanting.
The orc wizard flickers and vanishes!
You closely miss the orc priest.
The orc priest is almost dead.
You hit the orc priest.
You kill the orc priest!
You hear some strange, mumbled words.
A puff of flame appears from out of thin air!
The puff of flame hits something.
You have reached level 4!
You feel stronger.
Your demonic ancestry asserts itself...
Your bones become slightly less dense.
You miss something. The orc barely misses you. Something hits you.
* * * LOW HITPOINT WARNING * * *
Unknown command.
You miss something. You hit something. The orc hits you with a +0 flail.
* * * LOW HITPOINT WARNING * * *
Something hits you.
* * * LOW HITPOINT WARNING * * *
The orc attacks as it pursues you! The orc closely misses you.
You punch the orc!
You kill the orc!
You hear some strange, mumbled words.
A magic dart appears from out of thin air!
The magic dart hits you!
You die...

....#.# +###..#
....#.###......# .
....#.#........# . .
....#.#........##. .#
....#.#..........#+##...
....#.##.#.#.#.#.......#
.................{....>.
..#.#.##.#.#.#.#o{.....#
..#.#+##........h####
###......#.#.#.#....# #
#.................# #
#.....)#.#.#.#....#
###.................#
.##..<..............#
.##.......#.........#
.##.......#...#....##
..............#....###+####


You could see an orc.

Vanquished Creatures
  An orc priest (D:2)
  A worm (D:2)
  2 dart slugs (D:1)
  An orc (D:2)
  5 endoplasms
  A giant cockroach (D:1)
  6 goblins
  2 hobgoblins
  2 jackals (D:1)
  4 ball pythons (D:1)
  2 bats
  4 frilled lizards (D:1)
  3 kobolds
  4 rats
38 creatures vanquished.

Notes
Turn   | Place    | Note
-------+----------+-------------------------------------------
     0 | D:1      | Spaninq the Demonspawn Shapeshifter began the quest for the
                  | Orb.
     0 | D:1      | Reached XP level 1. HP: 15/15 MP: 1/1
    61 | D:1      | Reached skill level 3 in Shapeshifting
   100 | D:1      | Found Merheep's Weapon Boutique.
   166 | D:1      | Gained mutation: Spells you cast may paralyse adjacent
                  | enemies. [demonic ancestry]
   166 | D:1      | Reached XP level 2. HP: 21/21 MP: 2/2
   699 | D:1      | Gained mutation: You have a pair of small antennae on your
                  | head. [demonic ancestry]
   699 | D:1      | Reached XP level 3. HP: 24/27 MP: 3/3
  1122 | D:2      | Gained mutation: You have a somewhat thin skeletal
                  | structure. (Dex +2, Stealth+) [demonic ancestry]
  1122 | D:2      | Reached XP level 4. HP: 9/34 MP: 4/4
  1127 | D:2      | Killed from afar by an orc wizard

Illustrated notes

Levels and vault maps discovered:
D:1:      dpeg_arrival_houses_and_road, layout_basic, serial_shops, shop
D:2:      layout_basic, serial_glass, glass_columns_b, glass_columns_a,
          glass_columns_c, glass_columns_b, glass_columns_b, glass_columns_c,
          glass_columns_c, glass_columns_a, glass_columns_a, glass_columns_a,
          ebering_ecumenical_altar_petrified, nrook_campfire

Skill      XL: |  1  2  3 |
---------------+----------+-----
Shapeshifting  | 3 |  3.8
Fighting       | 2 |  2.3
Dodging        | |  1.7
Unarmed Combat | |  2.6

Action                     |  1- 3 |  4- 6 || total
---------------------------+-------+-------++-------
  Melee: Unarmed           |   107 |     4 ||   111
         Punch             |     3 |       ||     3
 Armour: Animal skin       |    45 |     4 ||    49
  Dodge: Dodged            |    54 |     2 ||    56

Table legend: (Time is in decaauts)
 A = Elapsed time spent in this place.
 B = Non-inter-level travel time spent in this place.
 C = Inter-level travel time spent in this place.
 D = Time resting spent in this place.
 E = Time spent auto-exploring this place.
 F = Levels seen in this place.
 G = Mean time per level.
                   A        B        C        D        E       F      G
               +--------+--------+--------+--------+--------+-----+--------+
         Total |   1120 |   1099 |     21 |      0 |    853 |   2 |  560.0 |
       Dungeon |   1120 |   1099 |     21 |      0 |    853 |   2 |  560.0 |
               +--------+--------+--------+--------+--------+-----+--------+

Top non-repeatable levels by time:
     D:1: 757 daAuts
     D:2: 362 daAuts
